[ PARTIDA AOE2 · #505030188 ]
UnrankedJaponeses vs Cumans
Equipo del jugador · DERR
Equipo rival · VICT
[ ANÁLISIS DE REPETICIÓN · EXTRAÍDO DE LA PARTIDA GRABADA ]
Feudal
8:50
Castillos
25:24
Imperial
47:34
| APM promedio | 55.9 |
| APM pico | 110 |
| eAPM promedio | 22.2 |
| Aldeanos / militares | 166 / 103 |
Foco
⚔️ 29.2% · 🌾 70.8%
Samurai ×31 · Knight ×26 · Skirmisher ×14 · Battering Ram ×13 · Archer ×6 · Monk ×4
Feudal
8:51
Castillos
26:54
Imperial
44:17
| APM promedio | 62.3 |
| APM pico | 107 |
| eAPM promedio | 25.3 |
| Aldeanos / militares | 137 / 88 |
Foco
⚔️ 25.9% · 🌾 74.1%
Kipchak ×48 · Scout Cavalry ×17 · Archer ×6 · Mangonel ×5 · Battering Ram ×4 · Monk ×2
Mapa de la partida
Recursos iniciales + cada clic de construcción. Líneas = muros · curvas = relieve. ◆ oro · ⬟ piedra · ● bayas · ✦ reliquia · ◌ hueco del cierre
Tu base· Abierta — hueco de 6t
Base de 挨打不还手· Abierta — hueco de 4t
Terreno inicial suavizado · ◌ = hueco del cierre detectado · pasá el cursor para detalles
Inputs por minuto
— 新竹 - - 挨打不还手
Build order — 新竹
Primeras 150 de 393 acciones detectadas
| 0:00 | Crear | Villager (Male) |
| 0:01 | Crear | Villager (Male) |
| 0:01 | Crear | Villager (Male) |
| 0:02 | Construir | House |
| 0:03 | Construir | House |
| 0:06 | Crear | Villager (Male) |
| 1:25 | Crear | Villager (Male) |
| 2:00 | Crear | Villager (Male) |
| 2:00 | Crear | Villager (Male) |
| 2:20 | Crear | Villager (Male) |
| 2:20 | Crear | Villager (Male) |
| 2:28 | Construir | Lumber Camp |
| 2:46 | Crear | Villager (Male) |
| 2:46 | Crear | Villager (Male) |
| 3:00 | Construir | House |
| 3:15 | Crear | Villager (Male) |
| 3:15 | Crear | Villager (Male) |
| 3:27 | Crear | Villager (Male) |
| 3:27 | Crear | Villager (Male) |
| 3:56 | Crear | Villager (Male) |
| 3:57 | Crear | Villager (Male) |
| 4:23 | Crear | Villager (Male) |
| 4:23 | Crear | Villager (Male) |
| 4:23 | Crear | Villager (Male) |
| 4:40 | Crear | Villager (Male) |
| 4:45 | Construir | House |
| 4:57 | Crear | Villager (Male) |
| 4:57 | Crear | Villager (Male) |
| 5:06 | Construir | Mining Camp |
| 5:38 | Crear | Villager (Male) |
| 5:39 | Investigar | Loom |
| 5:39 | Investigar | Loom |
| 5:45 | Construir | Palisade Wall |
| 5:47 | Construir | Palisade Wall |
| 6:35 | Investigar | Feudal Age |
| 6:35 | Investigar | Feudal Age |
| 6:50 | Construir | Mill |
| 7:30 | Construir | House |
| 7:43 | Construir | Barracks |
| 7:54 | Construir | House |
| 8:13 | Crear | Militia ×4 |
| 8:50 | Edad | Edad Feudal |
| 8:55 | Investigar | Man-at-Arms (upgrade) |
| 8:55 | Investigar | Man-at-Arms (upgrade) |
| 8:55 | Investigar | Man-at-Arms (upgrade) |
| 9:02 | Crear | Villager (Male) |
| 9:03 | Crear | Villager (Male) |
| 9:27 | Construir | Watch Tower |
| 9:35 | Crear | Villager (Male) |
| 9:36 | Crear | Villager (Male) |
| 9:42 | Construir | House |
| 10:32 | Crear | Villager (Male) |
| 10:32 | Crear | Villager (Male) |
| 10:32 | Crear | Villager (Male) |
| 10:32 | Crear | Villager (Male) |
| 10:36 | Construir | House |
| 10:38 | Construir | Palisade Wall |
| 10:58 | Construir | Archery Range |
| 11:04 | Crear | Villager (Male) |
| 11:06 | Construir | Farm |
| 11:07 | Construir | Farm |
| 11:37 | Crear | Skirmisher |
| 11:37 | Crear | Skirmisher |
| 11:48 | Construir | Palisade Wall |
| 11:51 | Construir | Palisade Wall |
| 11:56 | Crear | Skirmisher |
| 11:56 | Crear | Skirmisher |
| 12:02 | Construir | Farm |
| 12:22 | Crear | Villager (Male) |
| 12:22 | Crear | Villager (Male) |
| 12:23 | Crear | Villager (Male) |
| 12:24 | Construir | Farm |
| 12:50 | Crear | Villager (Male) |
| 12:51 | Crear | Villager (Male) |
| 13:01 | Construir | Blacksmith |
| 13:10 | Crear | Villager (Male) |
| 13:10 | Crear | Villager (Male) |
| 13:10 | Crear | Villager (Male) |
| 13:15 | Construir | House |
| 13:16 | Construir | House |
| 13:42 | Construir | Farm |
| 14:09 | Investigar | Fletching |
| 14:12 | Construir | Farm |
| 14:13 | Crear | Villager (Male) |
| 14:37 | Crear | Villager (Male) |
| 14:50 | Crear | Skirmisher |
| 14:50 | Crear | Skirmisher |
| 15:11 | Crear | Villager (Male) |
| 15:12 | Crear | Villager (Male) |
| 15:14 | Construir | Farm |
| 15:16 | Construir | Farm |
| 15:23 | Construir | Palisade Wall |
| 15:25 | Construir | Palisade Wall |
| 15:29 | Construir | Farm |
| 15:35 | Crear | Skirmisher |
| 15:35 | Crear | Skirmisher |
| 15:36 | Crear | Villager (Male) |
| 15:36 | Crear | Villager (Male) |
| 15:45 | Construir | Mining Camp |
| 15:54 | Crear | Villager (Male) |
| 15:54 | Crear | Villager (Male) |
| 16:28 | Construir | Farm |
| 16:34 | Construir | Palisade Wall |
| 16:43 | Crear | Villager (Male) |
| 16:43 | Crear | Villager (Male) |
| 16:43 | Crear | Villager (Male) |
| 16:50 | Construir | Mining Camp |
| 17:07 | Crear | Villager (Male) |
| 17:12 | Construir | Farm |
| 17:17 | Construir | Farm |
| 17:20 | Construir | Palisade Wall |
| 17:22 | Construir | Palisade Wall |
| 17:34 | Investigar | Double-Bit Axe |
| 17:43 | Construir | Watch Tower |
| 17:54 | Crear | Archer |
| 17:54 | Crear | Archer |
| 17:54 | Crear | Archer |
| 18:25 | Crear | Villager (Male) |
| 18:25 | Crear | Villager (Male) |
| 18:25 | Crear | Villager (Male) |
| 18:25 | Crear | Villager (Male) |
| 18:27 | Construir | Farm |
| 18:28 | Construir | Farm |
| 19:02 | Crear | Villager (Male) |
| 19:42 | Crear | Villager (Male) |
| 19:42 | Crear | Villager (Male) |
| 19:42 | Crear | Villager (Male) |
| 19:45 | Construir | Farm |
| 20:18 | Construir | Watch Tower |
| 20:31 | Construir | Watch Tower |
| 20:34 | Construir | Lumber Camp |
| 20:38 | Construir | House |
| 20:53 | Crear | Archer |
| 20:53 | Crear | Archer |
| 20:53 | Crear | Archer |
| 21:01 | Construir | Farm |
| 21:03 | Construir | Farm |
| 21:06 | Construir | House |
| 21:39 | Construir | Palisade Wall |
| 21:40 | Construir | Palisade Wall |
| 21:41 | Construir | Palisade Wall |
| 21:49 | Crear | Villager (Male) |
| 22:05 | Construir | Palisade Wall |
| 22:19 | Construir | Watch Tower |
| 22:32 | Construir | House |
| 22:44 | Investigar | Castle Age |
| 22:44 | Investigar | Castle Age |
| 22:55 | Construir | Watch Tower |
| 23:04 | Investigar | Gold Mining |
| 23:21 | Investigar | Scale Barding Armor |
Build order — 挨打不还手
Primeras 150 de 425 acciones detectadas
| 0:01 | Crear | Villager (Male) |
| 0:01 | Crear | Villager (Male) |
| 0:01 | Crear | Villager (Male) |
| 0:02 | Crear | Villager (Male) |
| 0:02 | Crear | Villager (Male) |
| 0:04 | Construir | House |
| 0:08 | Construir | House |
| 1:38 | Crear | Villager (Male) |
| 1:39 | Crear | Villager (Male) |
| 2:01 | Crear | Villager (Male) |
| 2:19 | Crear | Villager (Male) |
| 2:33 | Construir | Lumber Camp |
| 2:45 | Crear | Villager (Male) |
| 3:10 | Crear | Villager (Male) |
| 3:10 | Crear | Villager (Male) |
| 3:28 | Construir | House |
| 3:46 | Crear | Villager (Male) |
| 4:05 | Crear | Villager (Male) |
| 4:27 | Crear | Villager (Male) |
| 4:51 | Crear | Villager (Male) |
| 4:51 | Crear | Villager (Male) |
| 4:51 | Crear | Villager (Male) |
| 5:31 | Construir | Barracks |
| 5:44 | Crear | Villager (Male) |
| 6:00 | Investigar | Loom |
| 6:03 | Construir | House |
| 6:31 | Investigar | Feudal Age |
| 6:32 | Investigar | Feudal Age |
| 6:44 | Construir | Palisade Wall |
| 6:44 | Construir | Palisade Wall |
| 7:06 | Crear | Villager (Male) |
| 7:55 | Construir | Mining Camp |
| 8:00 | Construir | Palisade Wall |
| 8:12 | Construir | Palisade Wall |
| 8:13 | Construir | Palisade Wall |
| 8:14 | Construir | Palisade Wall |
| 8:32 | Construir | Palisade Wall |
| 8:42 | Construir | Palisade Wall |
| 8:51 | Edad | Edad Feudal |
| 9:02 | Construir | Archery Range |
| 9:08 | Crear | Villager (Male) |
| 9:13 | Construir | Palisade Wall |
| 9:22 | Investigar | Double-Bit Axe |
| 9:33 | Construir | Mining Camp |
| 9:37 | Crear | Villager (Male) |
| 9:45 | Crear | Archer |
| 9:53 | Construir | House |
| 10:00 | Construir | Outpost |
| 10:02 | Crear | Villager (Male) |
| 10:10 | Crear | Archer |
| 10:17 | Construir | Mill |
| 10:34 | Construir | Watch Tower |
| 10:37 | Crear | Villager (Male) |
| 10:53 | Crear | Villager (Male) |
| 11:04 | Crear | Villager (Male) |
| 11:37 | Crear | Villager (Male) |
| 11:41 | Construir | House |
| 11:54 | Construir | Farm |
| 11:59 | Construir | Farm |
| 12:36 | Crear | Archer |
| 12:55 | Construir | Town Center |
| 13:03 | Crear | Villager (Male) |
| 13:15 | Crear | Villager (Male) |
| 13:37 | Crear | Villager (Male) |
| 14:10 | Crear | Villager (Male) |
| 14:27 | Crear | Villager (Male) |
| 14:43 | Crear | Villager (Male) |
| 14:43 | Crear | Villager (Male) |
| 15:12 | Construir | House |
| 15:17 | Construir | House |
| 15:22 | Crear | Villager (Male) |
| 15:23 | Crear | Villager (Male) |
| 15:53 | Crear | Villager (Male) |
| 15:58 | Construir | Blacksmith |
| 16:18 | Crear | Villager (Male) |
| 16:19 | Crear | Villager (Male) |
| 16:28 | Crear | Villager (Male) |
| 16:29 | Crear | Villager (Male) |
| 16:30 | Crear | Archer |
| 16:38 | Construir | Farm |
| 16:39 | Construir | Farm |
| 16:56 | Construir | Outpost |
| 17:00 | Crear | Villager (Male) |
| 17:01 | Crear | Villager (Male) |
| 17:05 | Construir | Farm |
| 17:14 | Construir | Farm |
| 17:24 | Investigar | Fletching |
| 17:26 | Crear | Villager (Male) |
| 17:42 | Construir | Watch Tower |
| 17:56 | Crear | Villager (Male) |
| 18:10 | Construir | Farm |
| 18:26 | Construir | Farm |
| 18:27 | Construir | Farm |
| 18:28 | Construir | Farm |
| 18:32 | Construir | Farm |
| 18:37 | Construir | Watch Tower |
| 18:45 | Crear | Archer |
| 18:46 | Crear | Villager (Male) |
| 19:04 | Crear | Villager (Male) |
| 19:25 | Crear | Villager (Male) |
| 19:43 | Construir | Farm |
| 19:47 | Crear | Villager (Male) |
| 19:48 | Crear | Villager (Male) |
| 19:59 | Construir | Farm |
| 20:00 | Construir | Farm |
| 20:06 | Construir | Farm |
| 20:08 | Crear | Archer |
| 20:10 | Crear | Villager (Male) |
| 20:29 | Construir | House |
| 20:49 | Crear | Villager (Male) |
| 20:50 | Crear | Villager (Male) |
| 21:17 | Crear | Villager (Male) |
| 21:18 | Crear | Villager (Male) |
| 21:50 | Construir | Watch Tower |
| 22:01 | Crear | Villager (Male) |
| 22:02 | Crear | Villager (Male) |
| 22:08 | Construir | House |
| 22:42 | Crear | Villager (Male) |
| 22:49 | Construir | Watch Tower |
| 23:04 | Construir | Market |
| 23:07 | Crear | Villager (Male) |
| 23:08 | Crear | Villager (Male) |
| 23:30 | Construir | House |
| 23:40 | Crear | Villager (Male) |
| 23:41 | Crear | Villager (Male) |
| 24:14 | Investigar | Castle Age |
| 24:14 | Investigar | Castle Age |
| 24:40 | Construir | Farm |
| 24:42 | Construir | Farm |
| 25:18 | Construir | Stable |
| 25:31 | Construir | Blacksmith |
| 25:55 | Investigar | Horse Collar |
| 26:12 | Crear | Villager (Male) |
| 26:12 | Crear | Villager (Male) |
| 26:41 | Crear | Villager (Male) |
| 26:43 | Crear | Villager (Male) |
| 26:54 | Edad | Edad de los Castillos |
| 27:10 | Construir | Castle |
| 27:14 | Investigar | Bodkin Arrow |
| 27:14 | Investigar | Bodkin Arrow |
| 27:20 | Crear | Villager (Male) |
| 27:23 | Investigar | Bow Saw |
| 27:23 | Investigar | Bow Saw |
| 27:33 | Crear | Villager (Male) |
| 27:37 | Construir | Lumber Camp |
| 27:41 | Construir | Farm |
| 27:41 | Construir | Farm |
| 27:48 | Crear | Villager (Male) |
| 27:51 | Crear | Villager (Male) |
| 27:55 | Construir | House |
Cronología de la partida
| 5:31 | 挨打不还手 · first_building Barracks |
| 5:45 | 新竹 · wall_segment Palisade Wall x1 |
| 5:47 | 新竹 · wall_segment Palisade Wall x1 |
| 6:44 | 挨打不还手 · wall_segment Palisade Wall x5 |
| 6:44 | 挨打不还手 · wall_segment Palisade Wall x4 |
| 7:43 | 新竹 · first_building Barracks |
| 8:00 | 挨打不还手 · wall_segment Palisade Wall x1 |
| 8:12 | 挨打不还手 · wall_segment Palisade Wall x7 |
| 8:13 | 挨打不还手 · wall_segment Palisade Wall x1 |
| 8:14 | 挨打不还手 · wall_segment Palisade Wall x1 |
| 8:32 | 挨打不还手 · wall_segment Palisade Wall x5 |
| 8:42 | 挨打不还手 · wall_segment Palisade Wall x4 |
| 8:50 | 新竹 · age_up feudal |
| 8:51 | 挨打不还手 · age_up feudal |
| 9:02 | 挨打不还手 · first_building Archery Range |
| 9:13 | 挨打不还手 · wall_segment Palisade Wall x2 |
| 10:38 | 新竹 · wall_segment Palisade Wall x5 |
| 10:58 | 新竹 · first_building Archery Range |
| 11:48 | 新竹 · wall_segment Palisade Wall x1 |
| 11:51 | 新竹 · wall_segment Palisade Wall x1 |
| 15:23 | 新竹 · wall_segment Palisade Wall x5 |
| 15:25 | 新竹 · wall_segment Palisade Wall x1 |
| 16:34 | 新竹 · wall_segment Palisade Wall x3 |
| 17:20 | 新竹 · wall_segment Palisade Wall x3 |
| 17:22 | 新竹 · wall_segment Palisade Wall x3 |
| 21:39 | 新竹 · wall_segment Palisade Wall x2 |
| 21:40 | 新竹 · wall_segment Palisade Wall x2 |
| 21:41 | 新竹 · wall_segment Palisade Wall x2 |
| 22:05 | 新竹 · wall_segment Palisade Wall x1 |
| 23:52 | 新竹 · first_building Stable |
| 24:10 | 挨打不还手 · first_market_buy 100 food |
| 25:18 | 挨打不还手 · first_building Stable |
| 25:24 | 新竹 · age_up castle |
| 26:23 | 新竹 · first_building Siege Workshop |
| 26:54 | 挨打不还手 · age_up castle |
| 27:10 | 挨打不还手 · first_building Castle |
| 29:37 | 新竹 · first_market_buy 100 stone |
| 30:25 | 新竹 · first_building Monastery |
| 31:15 | 新竹 · first_building Castle |
| 33:08 | 挨打不还手 · first_building Monastery |
| 34:40 | 挨打不还手 · first_building Siege Workshop |
| 41:04 | 挨打不还手 · first_market_sell 100 wood |
| 44:17 | 挨打不还手 · age_up imperial |
| 44:23 | 新竹 · first_market_sell 100 food |
| 47:34 | 新竹 · age_up imperial |
| 54:02 | 新竹 · resign |
[ ANÁLISIS IA · 1 CRÉDITO ]
¿Qué pasó realmente en esta partida?
Wolo.gg analiza cada decisión: build order, eco, micro, errores típicos por bracket. Análisis personalizado por WhatsApp o Discord en 30 segundos.
Guía civ
Japoneses
Perfil
Jugador #14547856